 Dungeon Crawl Stone Soup version 0.16.2-12-gd0ad4c3 (webtiles) character file.

212 schauveau the Digger (level 5, 0/29 HPs)
             Began as a Gargoyle Earth Elementalist on Oct 31, 2015.
             Killed from afar by an orc wizard (2 damage)
             ... with a puff of flame
             ... on level 4 of the Dungeon.
             The game lasted 00:11:46 (3480 turns).

schauveau the Digger (Gargoyle Earth Elementalist)  Turns: 3480, Time: 00:11:46

Health: 0/29       AC:  9    Str: 11    XL:     5   Next: 90%
Magic:  7/13       EV: 11    Int: 17    God:
Gold:   146        SH:  0    Dex: 10    Spells: 2 memorised, 8 levels left

rFire  . . .     SeeInvis .     a - +2 whip (elec)
rCold  . . .     Clarity  .     h - +0 leather armour
rNeg   + . .     SustAb   .     (no shield)
rPois  ∞         Gourm    .     (no helmet)
rElec  +         Spirit   .     (no cloak)
rCorr  .         Warding  .     w - +1 pair of gloves
rMut   .         Stasis   .     (no boots)
MR     +....                    (no amulet)
Stlth  ++........               (no ring)
                                g - ring of protection from magic

@: somewhat resistant to hostile enchantments, unstealthy
A: negative energy resistance 1, electricity resistance, unbreathing,
petrification resistance, rot immunity, AC +4
a: no special abilities


You were on level 4 of the Dungeon.
You were hungry.

You visited 2 branches of the dungeon, and saw 6 of its levels.

You collected 146 gold pieces.

Inventory:

Hand weapons
 a - a +2 whip of electrocution (weapon)
 k - a +0 whip
 o - a +0 club
 q - a +1 hunting sling of evasion
Missiles
 b - 209 stones
 i - 12 arrows of frost
 r - 6 curare-tipped needles
 v - 6 silver javelins (quivered)
Armour
 c - a +0 robe
 h - a +0 leather armour (worn)
 w - a +1 pair of gloves (worn)
Jewellery
 g - a ring of protection from magic (left hand)
Magical devices
 p - a wand of disintegration (11)
Scrolls
 t - a scroll of recharging
 x - a scroll of identify
Potions
 f - a potion of might
 j - a potion of resistance
 n - 2 potions of brilliance
Books
 d - a book of Geomancy

   Spells                             Type                      Level
   a - Sandblast                      Earth                        1
   b - Stoneskin                      Transmutation/Earth          2
   c - Passwall                       Transmutation/Earth          3
   d - Stone Arrow                    Conjuration/Earth            3
   e - Petrify                        Transmutation/Earth          4
   f - Lee's Rapid Deconstruction     Earth                        5
Comestibles
 e - 5 bread rations
 l - 2 meat rations
 m - a slice of pizza
 s - 2 royal jellies


   Skills:
 + Level 1.3 Fighting
 + Level 1.2 Maces & Flails
 - Level 1.5 Dodging
 - Level 2.1 Stealth
 * Level 4.3 Spellcasting
   Level 0.7 Transmutations
 + Level 4.9 Earth Magic


You had 8 spell levels left.
You knew the following spells:

 Your Spells              Type           Power        Failure   Level  Hunger
a - Sandblast             Erth           ###...       2%          1    None
b - Stone Arrow           Conj/Erth      ##....       21%         3    ###....


Dungeon Overview and Level Annotations

Branches:
Dungeon (5/15)             Temple (1/1) D:4

Altars:
Dithmenos
Elyvilon
Fedhas
Qazlal
Ru
Xom
Zin
The Shining One

Annotations:
D:5 Blork the orc, Menkaure


Innate Abilities, Weirdness & Mutations

You are resistant to torment.
You are immune to poison.
Your stone body is very resilient (AC +4).
You resist negative energy.
You are resistant to electric shocks.
You can survive without breathing.
You are immune to petrification.
You are immune to rotting.


Message History

* * * LOW HITPOINT WARNING * * *
The goblin hits you but does no damage.
You hear some strange, mumbled words.
The puff of flame hits you!
* * * LOW HITPOINT WARNING * * *
Drink which item? (? for menu, Esc to quit)
You feel better. The goblin misses you.
You hear some strange, mumbled words.
The magic dart hits you!
* * * LOW HITPOINT WARNING * * *
Unknown command.
Casting: Sandblast
Confirm with . or Enter, or press ? or * to list all spells.
Aiming: Stone Arrow
Press: ? - help, Shift-Dir - straight line You are feeling hungry.
You hear some strange, mumbled words.
A puff of flame appears from out of thin air!
The puff of flame hits you!
You die...

#.... .# #.#..##.
###### ##.......
##....## ........#
#......# .........#
#......# .....>...##
#......# ..###.....##
#......#
#..##g)#####......#
##..##@{..##......#
##..##.....#......#
###...##...........##
....#..........#....#
#......##..........#
#...........##....#
..###..........##....#
................##....#
#.###........#.....#


You could see a goblin.

Vanquished Creatures
  A worker ant (D:4)
  An orc wizard (D:4)
  8 adders
  A worm (D:2)
  A giant mite (D:1)
  2 giant geckos
  2 oozes
  6 orcs
  3 giant cockroaches
  6 hobgoblins
  4 jackals (D:1)
  9 bats
  A giant gecko skeleton (D:4)
  2 giant newts
  6 goblins
  9 kobolds
  11 rats
73 creatures vanquished.

Notes
Turn   | Place    | Note
--------------------------------------------------------------
     0 | D:1      | schauveau, the Gargoyle Earth Elementalist, began the quest for the Orb.
     0 | D:1      | Reached XP level 1. HP: 10/10 MP: 3/3
   395 | D:1      | Reached XP level 2. HP: 13/15 MP: 1/5
   676 | D:1      | Reached XP level 3. HP: 19/19 MP: 3/6
   726 | D:2      | Reached skill level 4 in Earth Magic
  1560 | D:2      | Learned a level 3 spell: Stone Arrow
  1583 | D:2      | Reached XP level 4. HP: 18/24 MP: 6/9
  2366 | D:3      | Reached XP level 5. HP: 23/28 MP: 8/13
  2489 | D:4      | Found a shimmering altar of Xom.
  2489 | D:4      | Found a shimmering altar of Xom.
  2502 | D:5      | Entered Level 5 of the Dungeon
  2502 | D:5      | Noticed Blork the orc
  2502 | D:5      | Noticed a sky beast
  2524 | D:5      | Noticed Menkaure
  2524 | D:5      | Noticed a sky beast
  2524 | D:5      | Noticed an ogre
  2724 | D:3      | Reached skill level 1 in Maces & Flails
  3150 | D:4      | Found a staircase to the Ecumenical Temple.
  3156 | Temple   | Entered the Ecumenical Temple
  3398 | D:4      | Found a shimmering altar of Xom.
  3459 | D:4      | Reached skill level 1 in Fighting
  3480 | D:4      | Killed from afar by an orc wizard

Action                   |  1- 3 |  4- 6 || total
-------------------------+-------+-------++-------
Melee: Whip              |    36 |   121 ||   157
       Club              |     1 |       ||     1
 Cast: Sandblast         |    38 |    30 ||    68
       Stone Arrow       |       |     1 ||     1
  Use: Scroll            |     6 |     7 ||    13
       Potion            |     1 |     1 ||     2
 Stab: Sleeping          |       |     1 ||     1
  Eat: Chunk             |     2 |     6 ||     8
